 Dungeon Crawl Stone Soup version 0.18-a0-425-ge088ad1 (webtiles) character file.

586 4thArraOfDagon the Scratcher (level 7, 0/34 HPs)
             Began as a Felid Fighter on Nov 30, 2015.
             Was a Believer of Makhleb.
             Slain by an orc
             ... wielding a +0 club
              (3 damage)
             ... on level 10 of the Dungeon.
             The game lasted 00:16:50 (2356 turns).

4thArraOfDagon the Scratcher (Felid Fighter)        Turns: 2356, Time: 00:16:51

Health: 0/34       AC:  6    Str: 12    XL:     7   Next: 15%
Magic:  8/8        EV: 22    Int: 11    God:    Makhleb [**....]
Gold:   30         SH:  0    Dex: 16    Spells: 0 memorised, 6 levels left
                                        Lives:  0   Deaths: 2

rFire  . . .     SeeInvis +       - Unarmed
rCold  . . .     Clarity  .     (armour unavailable)
rNeg   . . .     SustAt   .     (shield unavailable)
rPois  .         Gourm    .     (helmet unavailable)
rElec  .         Spirit   .     (cloak unavailable)
rCorr  .         Dsmss    .     (gloves unavailable)
rMut   .         Stasis   .     (boots unavailable)
MR     +....                    (no amulet)
Stlth  ++++......               (no ring)
                                j - ring of flight

@: quick, somewhat resistant to hostile enchantments, stealthy
A: no armour, no weapons or thrown items, claws 1, fangs 3, iridescent scales 1,
see invisible, carnivore 3, speed 1, sense surroundings 1, shaggy fur 2, slow
metabolism 1, spit poison 1, sharp paws
a: Spit Poison, Minor Destruction, Renounce Religion, Evoke Flight


You were on level 10 of the Dungeon.
You worshipped Makhleb.
Makhleb was pleased with you.
You were not hungry.

You visited 2 branches of the dungeon, and saw 11 of its levels.

You collected 246 gold pieces.
You spent 216 gold pieces at shops.

Inventory:

Armour
 k - a quicksilver dragon hide
Jewellery
 j - a ring of flight (left paw)
Wands
 f - a wand of hasting (4)
 l - a wand of magic darts (6)
 q - a wand of lightning (0)
 r - a wand of fire (6)
 t - a wand of teleportation (2)
Scrolls
 d - a scroll of teleportation
 e - a scroll of remove curse
 m - a scroll of amnesia
 s - a scroll of blinking
Potions
 a - a potion of haste {unknown}
 c - a potion of lignification {unknown}
 g - 2 potions of heal wounds {unknown}
 h - 2 potions of poison {unknown}
 i - 3 potions of curing {unknown}
 n - 2 potions of resistance {unknown}
 o - a potion of flight {unknown}
 p - a potion of magic {unknown}
Comestibles
 b - 4 meat rations


   Skills:
 + Level 5.6 Fighting
 + Level 7.0 Dodging
 + Level 6.4 Stealth
 * Level 7.7 Unarmed Combat


You had 6 spell levels left.
You didn't know any spells.

Dungeon Overview and Level Annotations

Branches:
Dungeon (10/15)            Temple (1/1) D:6            Lair (0/8) D:8
    Orc (0/4) D:9

Altars:
Ashenzari
Cheibriados
Dithmenos
Elyvilon
Fedhas
Gozag
Makhleb
Okawaru
Qazlal
Sif Muna
Vehumet
Yredelemnul

Shops:
D:5 (   D:7 =   D:9 }

Annotations:
D:4 exclusion: centaur
D:5 Edmund; Eustachio; kal9871's ghost, novice MiGl
D:6 Raultor's ghost, amateur DrMo


Innate Abilities, Weirdness & Mutations

You cannot wear armour.
You are incapable of wielding weapons or throwing items.
You have sharp claws.
You have razor-sharp teeth.
You have supernaturally acute eyesight.
You are carnivorous and can eat meat at any time.
You cover ground quickly.
You are covered in thick fur (AC +2).
You have a slow metabolism.
Your sharp claws are effective at attacking unaware monsters.
You are partially covered in iridescent scales (AC +4).
You passively map a small area around you.
You can spit weak poison.


Message History

The orc is heavily wounded.
The orc misses you. The orc hits you with a hand axe.
* * * LOW HITPOINT WARNING * * *
Unknown command.
You barely miss the orc.
The orc is heavily wounded.
The orc barely misses you.
Unknown command.
You claw the orc!
You kill the orc!
Makhleb accepts your kill.
Unknown command.
You completely miss the orc. The orc misses you.
You scratch the orc.
The orc is severely wounded.
The orc closely misses you.
You scratch the orc but do no damage.
The orc is severely wounded.
The orc hits you with a club.
You die...

...# .#
...######################.#####
..(............................
.........................$.....
......#############(...........
, ......# #...######### ......#
#...#
รท.....#############...#### *
................@))).......
.................o........., ,
................########### *
#############...# #...# #...# *
* * * #... , .... ,, , , * * ,
, ** **


You could see an orc.

Vanquished Creatures
  A troll (D:9)
  A hungry ghost (D:10)
  2 ice beasts
  2 centaurs
  A big kobold (D:6)
  A giant frog (D:7)
  4 wights (D:8)
  2 hounds
  A crimson imp (D:6)
  A giant frog skeleton (D:4)
  Natasha (thrice) (D:4)
  5 worker ants
  4 adders
  A river rat (D:8)
  An ooze (D:1)
  2 adder skeletons (D:6)
  2 worms
  3 giant geckos
  8 orcs
  6 bats
  A giant cockroach (D:6)
  3 hobgoblins
  A jackal (D:1)
  A giant gecko skeleton (D:4)
  3 giant newts
  20 kobolds (D:6)
  A quokka (D:6)
  A quokka skeleton (D:7)
  A quokka zombie (D:7)
  3 rats
86 creatures vanquished.

Vanquished Creatures (others)
  2 scorpions (D:5)
  An orc wizard (D:5)
  A giant newt (D:5)
  A jackal (D:5)
  A plant (D:6)
6 creatures vanquished.

Grand Total: 92 creatures vanquished

Notes
Turn   | Place    | Note
--------------------------------------------------------------
     0 | D:1      | 4thArraOfDagon the Felid Fighter began the quest for the Orb.
     0 | D:1      | Reached XP level 1. HP: 10/10 MP: 2/2
     6 | D:1      | Noticed a queen ant
     6 | D:1      | Noticed an iguana
     8 | D:1      | Noticed a centaur
     8 | D:1      | Noticed a hell rat
    54 | D:1      | Reached skill level 1 in Stealth
    95 | D:1      | Reached XP level 2. HP: 14/14 MP: 3/3
   360 | D:4      | Noticed Natasha
   373 | D:4      | Killed Natasha
   373 | D:4      | Reached XP level 3. HP: 17/17 MP: 4/4
   407 | D:4      | Gained mutation: You are frail (-10% HP). [potion of mutation]
   407 | D:4      | Gained mutation: You can spit weak poison. [potion of mutation]
   408 | D:4      | Lost mutation: You are frail (-10% HP). [potion of mutation]
   408 | D:4      | Gained mutation: You are partially covered in iridescent scales (AC +4). [potion of mutation]
   408 | D:4      | Gained mutation: You passively map a small area around you. [potion of mutation]
   561 | D:4      | Noticed Natasha
   593 | D:4      | Reached XP level 4. HP: 17/22 MP: 5/5
   595 | D:4      | Killed Natasha
   596 | D:4      | Found a blossoming altar of Fedhas.
   596 | D:4      | Noticed a centaur
   615 | D:4      | Reached skill level 5 in Unarmed Combat
   617 | D:4      | Noticed Natasha
   626 | D:4      | Killed Natasha
   656 | D:4      | Reached XP level 5. HP: 13/25 MP: 6/6
   698 | D:5      | Entered Level 5 of the Dungeon
   750 | D:5      | Found Sunyla's Antique Weapon Emporium.
   778 | D:5      | Found an iron altar of Okawaru.
   790 | D:5      | Noticed Edmund
   803 | D:5      | Noticed Eustachio
   828 | D:5      | Noticed kal9871's ghost (novice MiGl)
   917 | D:7      | Found a white marble altar of Elyvilon.
   957 | D:7      | Noticed a centaur
   964 | D:7      | Killed a centaur
   964 | D:7      | Reached skill level 5 in Dodging
  1067 | D:7      | Found Fezoe's Jewellery Shoppe.
  1104 | D:7      | Gained mutation: You are covered in thick fur (AC +2). [Felid growth]
  1104 | D:7      | Reached XP level 6. HP: 28/28 MP: 7/7
  1129 | D:7      | casually bad
  1236 | D:6      | Found a staircase to the Ecumenical Temple.
  1246 | Temple   | Entered the Ecumenical Temple
  1258 | Temple   | Became a worshipper of Makhleb the Destroyer
  1349 | D:6      | Reached skill level 6 in Unarmed Combat
  1360 | D:6      | Reached * piety under Makhleb
  1541 | D:6      | Reached XP level 7. HP: 30/33 MP: 8/8
  1546 | D:6      | Noticed Raultor's ghost (amateur DrMo)
  1811 | D:8      | Mangled by a wight
  1812 | D:8      | Reached XP level 6. HP: -10/30 MP: 7/7
  1879 | D:9      | Found Toum's Gadget Shop.
  1895 | D:8      | Reached skill level 5 in Fighting
  1895 | D:8      | Reached skill level 5 in Stealth
  1932 | D:9      | Found a staircase to the Orcish Mines.
  2046 | D:7      | Reached XP level 7. HP: 17/33 MP: 8/8
  2047 | D:7      | Found a basalt altar of Yredelemnul.
  2107 | D:7      | Reached skill level 7 in Unarmed Combat
  2209 | D:9      | Bought a wand of teleportation (2) for 216 gold pieces
  2211 | D:9      | Noticed a troll
  2225 | D:9      | Killed a troll
  2237 | D:9      | Noticed a gargoyle
  2241 | D:10     | Entered Level 10 of the Dungeon
  2277 | D:10     | Slain by an ice beast
  2278 | D:10     | Reached XP level 6. HP: 0/30 MP: 7/7
  2293 | D:10     | Reached XP level 7. HP: 3/33 MP: 8/8
  2347 | D:10     | Reached ** piety under Makhleb
  2356 | D:10     | Slain by an orc

Vault maps used:
D:1:      onia_arrival_zoo_common
D:2:      ecumenical_altar_2
D:4:      fedhas_bush_and_centaur_altar, uniq_natasha
D:5:      okawaru_trees_2, xom_confusion_cloud, overflow_temple_1_default,
          first_bread, serial_shops, nicolae_shop_crystal, basic_altar,
          uniq_pikel, uniq_eustachio, uniq_edmund
D:6:      kennysheep_kobold_camp, minmay_temple_entry_crystal_x,
          bh_walls_and_bars
D:7:      yredelemnul_altar_generic, elyvilon_altar_4, serial_shops, shop
D:8:      grunt_lair_entry_elf_guard_hut, serial_shops,
          nicolae_shop_window_shopping, special_room, blue_anna_alchemist,
          uniq_psyche
D:9:      hangedman_cross_veins, nicolae_tso_besieged_by_evil,
          minmay_orc_entry_temple_small, serial_shops, shop,
          nicolae_shop_waterfront, shop, shop, shop, uniq_maurice, uniq_joseph
D:10:     kennysheep_generic_room_12
Temple:   circular_temple_12

Action                   |  1- 3 |  4- 6 |  7- 9 || total
-------------------------+-------+-------+-------++-------
Melee: Unarmed           |    50 |   169 |    61 ||   280
 Abil: Spit Poison       |       |     5 |       ||     5
       Evoke Flight      |       |     1 |       ||     1
Evoke: Wand              |     3 |     3 |     3 ||     9
  Use: Scroll            |     3 |     3 |     2 ||     8
       Potion            |     3 |       |       ||     3
 Stab: Sleeping          |     2 |    11 |     2 ||    15
  Eat: Chunk             |     6 |     8 |     2 ||    16
